AoeStats
← [GUTZI] Imperatore

Nomad

508920575Analyzed
4v4 RM · 9d ago on Sep 24, 2026· 85m 46s· 8 players
Game mode
Random Map
Map size
231×231
Population
200
Speed
Normal
Resources
Standard
Victory
Conquest
Starting age
Dark Age
Ending age
Imperial Age
RankedLock teamsTeams togetherTeam positionsShared explorationLock speedFull tech treeHidden civsTurbo modeCheats
Victory
Defeat
🇨🇭 Inca · Switzerland
1114
+11
🇨🇭 Tatars · Switzerland
1070
+13
🇨🇭 Persians · Switzerland
1016
+15
🇨🇭 Celts · Switzerland
949
+19
🇺🇸 Khmer · United States
1021
-15
🇦🇲 Berbers · Armenia
1021
-15
🇺🇸 Mongols · United States
1007
-15
🇪🇸 Gurjaras · Spain
970
-13
tequilamockingbird
8:58 Loom
14:05 Feudal Age
19:57 Castle Age
18:18 Scale Barding Armor
18:24 Forging
17:59 Fishing Lines
20:42 Husbandry
24:22 Bloodlines
32:09 Light Cavalry
33:14 Chain Barding Armor
33:50 Wheelbarrow
34:02 Iron Casting
33:59 Fletching
34:46 Gillnets
35:38 Hand Cart
39:25 Imperial Age
37:32 Bodkin Arrow
39:54 Horse Collar
40:05 Double-Bit Axe
42:00 Blast Furnace
40:25 Elite Steppe Lancer
41:29 Conscription
Blitz818
15:00 Feudal Age
16:31 Loom
40:30 Castle Age
45:30 Forging
46:33 Husbandry
46:44 Bloodlines
55:36 Imperial Age
54:09 Iron Casting
54:26 Tusk Swords
60:35 Wheelbarrow
68:33 Scale Barding Armor
72:39 Blast Furnace
72:53 Elite Battle Elephant
74:24 Hand Cart
76:01 Chain Barding Armor
75:52 Double-Bit Axe
75:48 Horse Collar
75:58 Light Cavalry
g.mag
10:54 Loom
16:52 Feudal Age
22:39 Double-Bit Axe
25:29 Castle Age
23:27 Fletching
23:37 Padded Archer Armor
25:48 Scale Mail Armor
25:54 Scale Barding Armor
27:23 Bodkin Arrow
27:44 Leather Archer Armor
26:55 Elite Skirmisher
27:54 Town Watch
27:38 Crossbowman
30:48 Bloodlines
36:02 Bow Saw
43:21 Ballistics
44:35 Husbandry
44:46 Bloodlines
49:35 Imperial Age
48:37 Fishing Lines
49:29 Chain Barding Armor
49:19 Forging
52:04 Elite Genitour
52:50 Elite Camel Archer
54:11 Heavy Camel Rider
55:43 Iron Casting
55:44 Plate Barding Armor
58:47 Blast Furnace
58:39 Thumb Ring
58:38 Bracer
60:41 Murder Holes
65:26 Chemistry
ElusiveDrake803
15:36 Feudal Age
21:46 Castle Age
20:01 Double-Bit Axe
20:03 Horse Collar
20:18 Fletching
21:18 Padded Archer Armor
22:43 Medium Warships
24:06 Bodkin Arrow
24:51 Wheelbarrow
27:17 Husbandry
28:08 Loom
29:18 Forging
29:24 Bloodlines
29:51 Scale Mail Armor
30:13 Scale Barding Armor
30:28 Hand Cart
39:25 Imperial Age
38:57 Iron Casting
38:57 Bow Saw
38:53 Heavy Plow
39:27 Heavy Camel Rider
40:14 Heavy Scorpion
40:21 Elite Shrivamsha Rider
41:08 Bracer
40:49 Elite Skirmisher
55:51 Fishing Lines
63:11 Gillnets
67:27 Light Cavalry
79:33 Hussar
[GUTZI] Imperatore
3:44 Loom
14:39 Feudal Age
15:15 Fishing Lines
19:56 Castle Age
19:05 Horse Collar
23:10 Double-Bit Axe
25:33 Heavy Plow
25:47 Bow Saw
26:52 Wheelbarrow
32:23 Imperial Age
29:54 Gold Mining
31:51 Gold Shaft Mining
31:44 Scale Barding Armor
31:50 Forging
32:45 Bloodlines
32:36 Husbandry
31:59 Cavalier
33:51 Crop Rotation
34:01 Stone Mining
35:31 Conscription
36:13 Chemistry
35:34 Ballistics
36:25 Chain Barding Armor
36:41 Iron Casting
36:48 Murder Holes
36:54 Heavy Camel Rider
37:19 Savar
39:42 Blast Furnace
39:51 Hand Cart
39:27 Capped Ram
41:40 Plate Barding Armor
40:30 Siege Ram
44:30 Fletching
45:20 Bodkin Arrow
46:49 Two-Man Saw
47:30 Citadels
62:30 Padded Archer Armor
62:37 Kamandaran
63:33 Crossbowman
64:18 Thumb Ring
63:58 Elite Skirmisher
65:51 Leather Archer Armor
68:55 Ring Archer Armor
69:55 Light Cavalry
Caesar_2
4:21 Loom
13:35 Feudal Age
15:15 Man-at-Arms
17:43 Arson
19:50 Wheelbarrow
22:41 Double-Bit Axe
22:39 Horse Collar
25:29 Castle Age
25:59 Long Swordsman
26:28 Gambesons
26:47 Scale Mail Armor
26:59 Forging
28:12 Chain Mail Armor
29:52 Pikeman
38:36 Bow Saw
50:57 Imperial Age
58:54 Hand Cart
59:49 Halberdier
63:49 Murder Holes
68:04 Plate Mail Armor
68:48 Iron Casting
69:17 Conscription
73:55 Blast Furnace
74:05 Elite Woad Raider
77:51 Heavy Plow
77:56 Gold Mining
77:56 Stone Mining
[GUTZI]Halloween
13:18 Loom
16:47 Feudal Age
24:07 Castle Age
23:59 Fletching
30:49 Wheelbarrow
29:51 Champi Runner
31:12 Double-Bit Axe
31:08 Horse Collar
31:23 Horse Collar
31:28 Pikeman
34:22 Scale Mail Armor
35:15 Heavy Plow
35:29 Bow Saw
36:08 Chain Mail Armor
36:59 Champi Warrior
37:41 Squires
37:53 Forging
40:12 Town Watch
42:18 Hand Cart
43:19 Iron Casting
53:45 Heavy Plow
74:19 Imperial Age
74:03 Bodkin Arrow
76:34 Halberdier
78:13 Heavy Plow
78:04 Gold Mining
78:29 Arson
79:41 Caravan
80:36 Medium Warships
85:12 Bracer
[GUTZI] TimiBlo
8:55 Loom
13:50 Feudal Age
15:18 Double-Bit Axe
15:45 Horse Collar
17:48 Fletching
24:48 Castle Age
23:44 Town Watch
24:56 Gold Mining
24:53 Crossbowman
26:24 Bodkin Arrow
27:50 Wheelbarrow
28:54 Bow Saw
30:34 Heavy Plow
31:12 Padded Archer Armor
35:31 Clinker Construction
36:55 Hand Cart
37:50 Leather Archer Armor
37:56 Ballistics
38:59 Masonry
38:54 Town Patrol
39:34 Silk Armor
41:05 Scale Barding Armor
41:44 Gold Shaft Mining
44:46 Imperial Age
43:49 Bloodlines
43:40 Husbandry
46:25 Conscription
48:24 Heavy Cavalry Archer
50:48 Bracer
51:08 Chain Barding Armor
53:02 Fortified Wall
55:30 Plate Barding Armor
61:48 Chemistry
61:16 Timurid Siegecraft
64:02 Stone Mining
65:30 Scale Mail Armor
65:41 Forging
66:06 Pikeman
68:46 Squires
71:39 Halberdier
77:00 Siege Engineers
77:33 Iron Casting
83:26 Arson
Connection lost

Rejoining the realm…

Still unreachable

The connection could not be restored.

Session expired

The server has moved on; the page needs a fresh start.